Map: Dusty Gorge

Players

ColWombaT

  • Race: Terran Terran
  • League: Grandmaster
  • Spawn Location: 5:00

Lamborghini

  • Race: Terran Terran
  • Spawn Location: 3:00

Adversity - Winner!

  • Race: Terran Terran
  • Spawn Location: 9:00

Idol - Winner!

  • Race: Protoss Protoss
  • Spawn Location: 11:00

VOD

Have the link to the VOD?

Description

Time

  • Played on: Sept. 2, 2018, 9:02 a.m.
  • Length: 5:07
Show
View Real Time Build Order
Export as new Build Order

ColWombaT Terran 

Build Orders: Cyclone Opening 

Get SALT Encoding   

  12  0:01  SCV  
  13  0:13  SCV  
  14  0:19  Supply Depot  
  14  0:25  SCV  
  15  0:29  Refinery  
  15  0:41  SCV  
  16  0:47  Barracks  
  16  0:53  SCV  
  17  1:05  SCV  
  18  1:13  Refinery  
  18  1:17  SCV  
  19  1:34  Reaper  
  19  1:37  Orbital Command  
  20  1:45  Factory  
  20  1:53  Supply Depot  
  20  2:03  SCV  
  20  2:06  Barracks Reactor  
  21  2:15  SCV  
  22  2:27  SCV  
  22  2:42  Command Center  
  22  2:49  SCV  
  23  2:52  Cyclone x2  
  29  3:01  Supply Depot  
  29  3:02  SCV  
  30  3:14  SCV  
  31  3:24  Cyclone x2  
  37  3:28  SCV  
  38  4:09  Cyclone x2  
  44  4:11  Orbital Command  
Show
View Real Time Build Order
Export as new Build Order

Lamborghini Terran 

Build Orders: Gas First Reaper Expand 

Get SALT Encoding   

  12  0:01  SCV  
  13  0:13  SCV  
  14  0:18  Supply Depot  
  14  0:25  SCV  
  15  0:30  Refinery  
  15  0:40  SCV  
  16  0:46  Barracks  
  16  0:52  SCV  
  17  1:07  Barracks  
  17  1:20  Barracks  
  17  1:28  Refinery  
  17  1:33  Reaper  
  18  1:40  Supply Depot  
  18  1:54  Reaper  
  19  2:06  Reaper, SCV  
  22  2:08  Reaper  
  22  2:19  Orbital Command  
  22  2:26  Reaper  
  23  2:39  Reaper  
  23  2:40  Reaper  
  25  2:47  SCV  
  24  2:58  Reaper  
  23  3:06  SCV  
  23  3:10  Bunker  
  23  3:11  Reaper  
  23  3:12  Reaper  
  22  3:30  Reaper  
  10  3:43  Reaper  
  10  3:46  SCV  
  10  3:47  Reaper  
  13  3:58  SCV  
  14  4:07  Command Center  
  14  4:10  SCV  
  15  4:29  Reaper x2  
  15  4:30  Reaper, SCV  
  19  4:34  Factory  
Show
View Real Time Build Order
Export as new Build Order

Adversity Terran - Winner!

Build Orders:  

Get SALT Encoding   

  12  0:01  SCV  
  13  0:13  SCV  
  14  0:18  Supply Depot  
  14  0:27  SCV  
  15  0:30  Refinery  
  15  0:39  SCV  
  16  0:47  Barracks  
  16  0:52  SCV  
  17  1:07  Barracks  
  17  1:17  Barracks  
  17  1:27  SCV  
  18  1:35  Reaper  
  19  1:41  Orbital Command  
  19  1:50  Refinery  
  19  1:57  Reaper  
  20  2:05  Supply Depot, Reaper  
  21  2:10  Reaper  
  21  2:15  SCV  
  23  2:29  Reaper  
  25  2:30  SCV  
  25  2:32  Supply Depot  
  25  2:43  Reaper  
  26  2:46  Reaper  
  26  2:47  SCV  
  28  3:02  Reaper  
  28  3:04  SCV  
  30  3:07  Command Center  
  30  3:15  Reaper  
  30  3:16  SCV  
  32  3:31  Reaper  
  33  3:39  Reaper  
  34  3:44  SCV  
  34  3:47  Barracks  
  34  3:48  Supply Depot, Reaper  
  36  3:49  Barracks  
  35  4:04  Reaper  
  35  4:07  SCV  
  34  4:26  Reaper  
  32  4:41  SCV, Orbital Command  
  35  4:54  SCV  
  35  4:56  Refinery  
  35  4:57  Refinery  
Show
View Real Time Build Order
Export as new Build Order

Idol Protoss - Winner!

Build Orders: Phoenix Opening 

Get SALT Encoding   

  12  0:01  Probe  
  13  0:18  Pylon  
  13  0:25  Probe  
  14  0:36  Probe  
  15  0:43  Gateway  
  15  0:44  Probe  
  16  0:51  Assimilator  
  16  0:54  Probe  
  17  1:08  Pylon  
  17  1:12  Assimilator  
  17  1:25  Probe  
  18  1:37  Probe  
  19  1:42  Cybernetics Core  
  19  1:49  Probe  
  20  2:01  Probe  
  21  2:08  Pylon  
  21  2:12  Adept  
  21  2:14  Probe  
  24  2:25  Stargate  
  24  2:33  Stargate  
  24  2:37  Adept  
  26  2:52  Pylon  
  26  3:11  Phoenix  
  26  3:13  Nexus  
  28  3:28  Phoenix  
  30  3:35  Phoenix  
  32  3:47  Assimilator  
  32  4:01  Phoenix  
  34  4:16  Phoenix  
  34  4:28  Phoenix  
  36  4:44  Probe x2  
Tags
 
Add a new tag
Caveats
  • Supply blocks, unpowered buildings, or Contaminate may cause inaccurate times.
  • Supply counts are checked every 10 seconds.